 Dungeon Crawl Stone Soup version 0.27-a0-1325-g58a489ad9e (webtiles) character file.

Game seed: 364824890352698502

529 bilbop the Caller (level 7, -2/40 HPs)
             Began as a Deep Elf Summoner on June 24, 2021.
             Was an Initiate of Yredelemnul.
             Shot with an arrow by a centaur (7 damage)
             ... on level 6 of the Dungeon.
             The game lasted 00:38:09 (6926 turns).

bilbop the Caller (Deep Elf Summoner)               Turns: 6926, Time: 00:38:10

Health: -2/40      AC:  9    Str:  5    XL:     7   Next: 3%
Magic:  5/16       EV: 14    Int: 23    God:    Yredelemnul [......]
Gold:   74         SH:  0    Dex: 17    Spells: 10/16 levels left

rFire    . . .     SeeInvis .   a - +0 dagger
rCold    . . .     Faith    .   (no shield)
rNeg     . . .     Spirit   .   c - +0 robe
rPois    +         Reflect  .   o - +2 helmet {Int+3}
rElec    .         Harm     .   (no cloak)
rCorr    .         Rampage  .   (no gloves)
Will     .....                  (no boots)
Stlth    +++.......             (no amulet)
HPRegen  0.13/turn              e - ring of poison resistance
MPRegen  0.15/turn              j - +4 ring of protection

@: no status effects
A: no striking features
a: Renounce Religion


You were on level 6 of the Dungeon.
You worshipped Yredelemnul.
Yredelemnul was noncommittal.
You visited 2 branches of the dungeon, and saw 7 of its levels.

You collected 346 gold pieces.
You spent 272 gold pieces at shops.

Inventory:

Hand Weapons
 a - a +0 dagger (weapon)
 b - a +4 vorpal hand crossbow
Missiles
 q - 21 bolts
Armour
 c - a +0 robe (worn)
 o - a +2 helmet of intelligence (worn)
Jewellery
 e - a ring of poison resistance (left hand)
 j - a +4 ring of protection (right hand)
Wands
 k - a wand of iceblast (7)
Scrolls
 i - 4 scrolls of teleportation
 l - 4 scrolls of fog
 r - a scroll of acquirement {unknown}
 s - 2 scrolls of enchant armour {unknown}
 t - a scroll of holy word {unknown}
Potions
 d - a potion of curing {unknown}
 f - a potion of haste {unknown}
 g - a potion of attraction {unknown}
 h - a potion of cancellation {unknown}
 m - a potion of heal wounds {unknown}
 n - 2 potions of brilliance {unknown}
 p - 2 potions of degeneration {unknown}


   Skills:
 + Level 2.0 Fighting
 + Level 2.4 Short Blades
 + Level 0.3 Crossbows
 + Level 4.4 Dodging
 + Level 4.6 Stealth
 + Level 5.0 Spellcasting
 + Level 5.5 Summonings
 + Level 0.3 Invocations


You had 10 spell levels left.
You knew the following spells:

 Your Spells              Type           Power      Damage    Failure   Level
a - Summon Small Mammal   Summ           100%       N/A       1%          1
b - Call Imp              Summ           31%        N/A       1%          2
c - Call Canine Familiar  Summ           31%        N/A       3%          3

Your spell library contained the following spells:

 Spells                   Type           Power      Damage    Failure   Level
 Summon Guardian Golem    Hex/Summ       18%        N/A       9%          3
 Confusing Touch          Hex            5%         N/A       28%         3
 Gell's Gravitas          Tloc           2%         N/A       28%         3
 Summon Ice Beast         Ice/Summ       18%        N/A       30%         4
 Summon Lightning Spire   Summ/Air       18%        N/A       30%         4
 Petrify                  Tmut/Erth      5%         N/A       67%         4
 Metabolic Englaciation   Hex/Ice        2%         N/A       95%         5
 Yara's Violent Unravell  Hex/Tmut       2%         3d3       95%         5


Dungeon Overview and Level Annotations

Branches:
Dungeon (6/15)             Temple (1/1) D:5

Altars:
Ashenzari
Cheibriados
Dithmenos
Elyvilon
Gozag
Kikubaaqudgha
Makhleb
Nemelex Xobeh
Qazlal
Ru
Sif Muna
Uskayaw
Vehumet
Wu Jian
Xom
Yredelemnul
Zin
Beogh

Shops:
D:3 (

Annotations:
D:5 3 runed translucent doors, Rohain's ghost, novice TeAE


Message History

The centaur kicks your hound.
Casting: Call Imp (safe; 1% risk of failure)
Confirm with . or Enter, or press ? or * to list all spells.
A beastly little devil appears in a puff of frigid air.
Your hound barely misses the centaur.
The centaur wields a +0 shortbow.
The centaur shoots an arrow.
The arrow closely misses your hound. The arrow hits you!
* * * LOW HITPOINT WARNING * * *
Your hound bites the centaur.
You swap places.
The centaur shoots an arrow.
The arrow hits your hound.
Your hound dies!
Your hound's corpse disappears in a puff of smoke!
Your crimson imp blinks!
The centaur shoots an arrow.
The arrow barely misses your white imp. The arrow hits you but does no damage.
Your white imp gestures at the centaur.
The puff of frost hits the centaur!
Casting: Call Imp (safe; 1% risk of failure)
Confirm with . or Enter, or press ? or * to list all spells.
The centaur shoots an arrow.
The arrow hits your white imp! What are your orders? t - Shout!
Orders for allies: a - Attack new target. p - Attack previous target. r - Retreat! s - Stop attacking. g - Guard the area. f - Follow me.
Anything else - Cancel.
Gang up on whom?
Press: ? - help, Dir - move target, f/p - centaur
Aim: a centaur, wielding a +0 shortbow and quivering arrows (severely wounded, ally target) Attack!
The centaur unwields a +0 shortbow.
The centaur hits your white imp.
Your white imp dies!
Casting: Call Canine Familiar (dangerous; 3% risk of failure)
Confirm with . or Enter, or press ? or * to list all spells.
A beastly little devil appears in a puff of flame.
The centaur shouts!
The centaur wields a +0 shortbow.
The centaur shoots an arrow.
The arrow completely misses you.
The centaur shoots an arrow.
The arrow completely misses your hound. The arrow hits you!
You die...
Your body rises from the dead as a mindless zombie.

#...+...# ..##. #.
#...#...# ..# ..
#...###+# ..# ##.##
#...##..##... ....
#.....†......
###..###............
#...5..#.###########
#c##.##.# #..h@...#
#########


You could see a centaur (ally target), a friendly hound (summoned) and a
friendly crimson imp (summoned).

Vanquished Creatures
  A scorpion (D:5)
  A howler monkey (D:6)
  3 hounds
  Natasha (D:4)
  3 adders
  An adder skeleton (D:4)
  A dart slug (D:2)
  An orc (D:3)
  An endoplasm (D:4)
  2 giant cockroaches (D:2)
  A goblin (D:4)
  3 hobgoblins
  4 ball pythons
  A bat (D:2)
  3 frilled lizards
  2 rats
29 creatures vanquished.

Vanquished Creatures (collateral kills)
  An ogre (D:4)
  A necrophage (D:5)
  A water moccasin skeleton (D:5)
  A gnoll shaman (D:5)
  A hound (D:4)
  An iguana (D:5)
  Natasha (twice) (D:4)
  Robin (D:4)
  12 gnolls
  5 adders
  2 worms (D:3)
  A dart slug (D:5)
  3 orcs (D:3)
  3 ball pythons (D:1)
  6 endoplasms
  3 giant cockroaches
  7 goblins
  11 hobgoblins
  9 jackals
  5 kobolds (D:1)
  4 quokkas
  4 bats
  A frilled lizard (D:1)
  5 rats
90 creatures vanquished.

Grand Total: 119 creatures vanquished

Notes
Turn   | Place    | Note
-------+----------+-------------------------------------------
     0 | D:1      | bilbop the Deep Elf Summoner began the quest for the Orb.
     0 | D:1      | Reached XP level 1. HP: 10/10 MP: 6/6
   798 | D:1      | Reached XP level 2. HP: 15/15 MP: 2/8
  1683 | D:2      | Reached XP level 3. HP: 16/20 MP: 5/9
  2383 | D:2      | Found a shimmering altar of Xom.
  2625 | D:2      | Reached skill level 1 in Short Blades
  3222 | D:3      | Reached XP level 4. HP: 24/24 MP: 11/11
  3225 | D:3      | Learned a level 2 spell: Call Imp
  3229 | D:3      | Learned a level 3 spell: Call Canine Familiar
  3481 | D:3      | Reached skill level 1 in Fighting
  4093 | D:3      | Reached XP level 5. HP: 28/29 MP: 10/13
  4139 | D:3      | Found Xooppin's Weapon Boutique.
  4355 | D:3      | Reached skill level 5 in Summonings
  4464 | D:4      | Noticed Robin
  4477 | D:4      | Killed Robin
  4618 | D:4      | Found an opulent altar of Gozag.
  4639 | D:4      | Noticed an ogre
  4651 | D:4      | Killed an ogre
  4705 | D:4      | Noticed Natasha
  4715 | D:4      | Killed Natasha
  4730 | D:4      | Noticed Natasha
  4740 | D:4      | Killed Natasha
  4903 | D:4      | Noticed Natasha
  4915 | D:4      | Killed Natasha
  5218 | D:4      | Found a shimmering blue altar of Sif Muna.
  5266 | D:5      | Entered Level 5 of the Dungeon
  5283 | D:5      | Reached XP level 6. HP: 34/34 MP: 5/14
  5638 | D:5      | Found a staircase to the Ecumenical Temple.
  5645 | Temple   | Entered the Ecumenical Temple
  5740 | Temple   | Became a worshipper of Yredelemnul the Dark
  6311 | D:5      | Found a runed translucent gate.
  6362 | D:5      | Found a runed translucent gate.
  6362 | D:5      | Found a runed translucent gate.
  6362 | D:5      | Noticed Rohain's ghost (novice TeAE)
  6385 | D:5      | Identified the +6 short sword of the Muttering Puffin
                  | {drain, Int+3 Dex+7}
  6795 | D:3      | Bought a +4 vorpal hand crossbow for 272 gold pieces
  6878 | D:6      | Reached skill level 5 in Spellcasting
  6905 | D:6      | Reached XP level 7. HP: 40/40 MP: 16/16
  6926 | D:6      | Shot with an arrow by a centaur

Illustrated notes

Levels and vault maps discovered:
D:1:      minmay_arrival_jagged, layout_rooms
D:2:      layout_basic, basic_altar, minmay_crystal_water,
          grunt_decor_one_mirror
D:3:      layout_basic, serial_shops, shop
D:4:      layout_basic, kennysheep_mini,
          nicolae_gozag_cash_rules_everything_around_me, uniq_robin,
          uniq_natasha
D:5:      layout_gridville, minmay_temple_entry_slanted,
          biasface_ghost_orc_armoury, chequers_serial_rivers_large_a
D:6:      layout_gridville, grunt_temple_overflow_bloody_war, tso_metal_star,
          minmay_misc_feat_alley
Temple:   jpeg_temple_clearing

Skill      XL: |  1  2  3  4  5  6 |
---------------+-------------------+-----
Stealth        | 3 4 |  4.6
Dodging        | 3 4 |  4.4
Short Blades   | 1 2 |  2.4
Fighting       | 1 2 |  2.0
Spellcasting   | 4 5 |  5.0
Summonings     | 5 |  5.5
Crossbows      | |  0.3
Invocations    | |  0.3

Action                   |  1- 3 |  4- 6 |  7- 9 || total
-------------------------+-------+-------+-------++-------
Melee: Unarmed           |    20 |       |       ||    20
       Dagger            |    66 |    90 |     1 ||   157
 Cast: Summon Small Mamm |    75 |    14 |       ||    89
       Call Imp          |       |    53 |     3 ||    56
       Call Canine Famil |       |    10 |     2 ||    12
  Use: Scroll            |       |     5 |       ||     5
 Stab: Sleeping          |     7 |     3 |       ||    10
       Distracted        |       |     3 |       ||     3
Armor: Robe              |    30 |    27 |     4 ||    61
Dodge: Dodged            |    86 |    75 |     6 ||   167

Table legend: (Time is in decaauts)
 A = Elapsed time spent in this place.
 B = Non-inter-level travel time spent in this place.
 C = Inter-level travel time spent in this place.
 D = Time resting spent in this place.
 E = Time spent auto-exploring this place.
 F = Levels seen in this place.
 G = Mean time per level.
                   A        B        C        D        E       F      G
               +--------+--------+--------+--------+--------+-----+--------+
         Total |   6932 |   6435 |    497 |   1146 |   4198 |   7 |  990.3 |
       Dungeon |   6814 |   6362 |    452 |   1146 |   4128 |   6 | 1135.7 |
        Temple |    117 |     72 |     45 |      0 |     70 |   1 |  117.0 |
               +--------+--------+--------+--------+--------+-----+--------+

Top non-repeatable levels by time:
     D:1: 1974 daAuts
     D:5: 1416 daAuts
     D:2: 1239 daAuts
     D:3: 1203 daAuts
     D:4: 930 daAuts
  Temple: 117 daAuts
     D:6: 49 daAuts
